 Dungeon Crawl Stone Soup version 0.23.3 (webtiles) character file.

Game seed: 16002844729122998828

652 MordorOrchid the Grave Robber (level 7, -5/51 HPs)
             Began as a Gnoll Necromancer on Mar 27, 2020.
             Was a Follower of Sif Muna.
             Slain by an ogre
             ... wielding a +0 giant club
              (23 damage)
             ... on level 5 of the Dungeon.
             The game lasted 00:20:33 (2647 turns).

MordorOrchid the Grave Robber (Gnoll Necromancer)   Turns: 2647, Time: 00:20:34

Health: -5/51      AC:  8    Str: 11    XL:     7   Next: 54%
Magic:  0/15       EV: 13    Int: 19    God:    Sif Muna [*.....]
Gold:   227        SH:  0    Dex: 15    Spells: 4/17 levels left

rFire    + + .     SeeInvis .   p - +0 halberd
rCold    . . .     Gourm    .   (shield currently unavailable)
rNeg     . . .     Faith    .   o - +0 ring mail
rPois    .         Spirit   .   A - +2 helmet
rElec    .         Reflect  .   (no cloak)
rCorr    .         Harm     .   (no gloves)
MR       .....                  (no boots)
Stlth    ++........             (no amulet)
HPRegen  0.17/turn              b - ring of protection from fire
MPRegen  0.14/turn              I - ring of protection from fire

@: no status effects
A: distributed training, fangs 1, strong nose
a: Divine Energy, Renounce Religion


You were on level 5 of the Dungeon.
You worshipped Sif Muna.
Sif Muna was aware of your devotion.
You were not hungry.

You visited 1 branch of the dungeon, and saw 5 of its levels.

You collected 227 gold pieces.

Inventory:

Hand Weapons
 j - a +0 hunting sling
 p - a +0 halberd (weapon)
 s - a +0 whip
 y - a +0 rapier
 J - a +0 dagger
Missiles
 e - 77 arrows
 i - 34 stones (quivered)
 k - 27 bolts
 n - 42 poisoned needles
 q - 28 sling bullets
 w - 4 javelins
 D - 3 needles of sleeping
Armour
 l - a +0 chain mail
 o - a +0 ring mail (worn)
 x - a +0 scale mail
 A - a +2 helmet (worn)
 K - the +0 helmet of the Morning Star {*Corrode rElec Str+4}
   (You found it on level 5 of the Dungeon)

   It affects your strength (+4).
   It insulates you from electricity.
   It may corrode you when you take damage.
Jewellery
 b - a ring of protection from fire (left hand)
 C - an uncursed ring of flight
 F - an uncursed ring of fire
 I - a ring of protection from fire (right hand)
Wands
 g - a wand of flame (15)
 G - a wand of paralysis (7)
Scrolls
 f - 2 scrolls of amnesia
 h - 4 scrolls of teleportation
 r - 3 scrolls of remove curse
 u - a scroll of magic mapping {unknown}
 z - a scroll of fog {unknown}
Potions
 d - a potion of cancellation
 m - a potion of brilliance
 t - 2 potions of flight
 v - a potion of berserk rage {unknown}
 E - a potion of haste
 H - 2 potions of heal wounds {unknown}
Comestibles
 a - 2 chunks of flesh
 c - 5 rations


   Skills:
 + Level 2.5 Fighting
 + Level 2.5 Short Blades
 + Level 2.5 Long Blades
 + Level 2.5 Axes
 + Level 2.5 Maces & Flails
 + Level 2.5 Polearms
 + Level 2.5 Staves
 + Level 2.5 Slings
 + Level 2.5 Bows
 + Level 2.5 Crossbows
 + Level 2.5 Throwing
 + Level 2.5 Armour
 + Level 5.2 Dodging
 + Level 4.9 Stealth
 + Level 2.5 Shields
 + Level 2.5 Unarmed Combat
 + Level 5.6 Spellcasting
 + Level 2.0 Conjurations
 + Level 2.0 Hexes
 + Level 2.0 Charms
 + Level 2.0 Summonings
 + Level 7.4 Necromancy
 + Level 2.0 Translocations
 + Level 2.0 Transmutations
 + Level 2.0 Fire Magic
 + Level 2.0 Ice Magic
 + Level 2.0 Air Magic
 + Level 2.0 Earth Magic
 + Level 2.0 Poison Magic
 + Level 2.8 Invocations
 + Level 2.5 Evocations


You had 4 spell levels left.
You knew the following spells:

 Your Spells              Type           Power        Failure   Level  Hunger
a - Pain                  Necr           ####         1%          1    None
b - Animate Dead          Necr           N/A          13%         4    ####...
k - Regeneration          Chrm/Necr      ###.......   12%         3    ##.....
u - Animate Skeleton      Necr           N/A          1%          1    None
v - Vampiric Draining     Necr           ####......   3%          3    ##.....
z - Apportation           Tloc           ##....       12%         1    None

Your spell library contained the following spells:

 Spells                   Type           Power        Failure   Level  Hunger


Dungeon Overview and Level Annotations

Branches:
Dungeon (5/15)             Temple (0/1) D:5

Altars:
Kikubaaqudgha
Qazlal
Ru
Sif Muna
Vehumet
Xom

Shops:
D:5 (


Innate Abilities, Weirdness & Mutations

Your experience applies equally to all skills.
You have very sharp teeth.
Your uncanny sense of smell can sniff out nearby items.


Message History

The ogre is moderately wounded.
The ogre hits you with a +0 giant club!!
* * * LOW HITPOINT WARNING * * *
Casting: Pain (safe; 1% risk of failure)
Confirm with . or Enter, or press ? or * to list all spells.
Aiming: Vampiric Draining (safe; 3% risk of failure)
Press: ? - help, Shift-Dir - straight line, f/p - ogre
Aim: an ogre, wielding a +0 giant club (moderately wounded)
The ogre is severely wounded.
You feel life coursing into your body. The ogre hits you with a +0 giant club.
* * * LOW HITPOINT WARNING * * *
Casting: Vampiric Draining (safe; 3% risk of failure)
Confirm with . or Enter, or press ? or * to list all spells.
Aiming: Vampiric Draining (safe; 3% risk of failure)
Press: ? - help, Shift-Dir - straight line, f/p - ogre
Aim: an ogre, wielding a +0 giant club (severely wounded)
The ogre is almost dead.
You feel life coursing into your body.
The ogre hits you with a +0 giant club!!
You die...

######..........
##...#....#.###..
##...........# .o.
##.........)..####...
#...................o
#.........)........
#..#.#.###)###....
#..#.#.#.#O#....##
#..###.#.#@###..#
#...............#
#...............#
#.=###.###.###..#
#..#.#.#.....#..#
#..#.#.###.###..#
#...............#
#............[..#
#..###.###)#.#..#


You could see an ogre.

Vanquished Creatures
  An ogre (D:5)
  A bullfrog zombie (D:4)
  A bullfrog skeleton (D:5)
  An orc priest (D:5)
  3 hounds (D:5)
  2 iguanas (D:4)
  2 orc wizards (D:5)
  5 worker ants
  A hound skeleton (D:4)
  3 gnolls (D:2)
  2 adders (D:3)
  A shadow imp (D:5)
  An ooze (D:2)
  4 adder skeletons (D:2)
  An adder zombie (D:2)
  2 worms (D:3)
  3 leopard geckos
  8 orcs
  3 bat skeletons (D:2)
  A bat zombie (D:2)
  4 giant cockroaches
  2 goblins (D:1)
  6 hobgoblins
  6 jackals
  4 bats (D:1)
  4 frilled lizards
  A giant cockroach zombie (D:2)
  3 jackal skeletons (D:2)
  A jackal zombie (D:2)
  4 kobolds
  3 leopard gecko skeletons
  A quokka skeleton (D:2)
  2 rats (D:3)
87 creatures vanquished.

Vanquished Creatures (collateral kills)
  A kobold (D:3)
  2 rats (D:3)
3 creatures vanquished.

Grand Total: 90 creatures vanquished

Notes
Turn   | Place    | Note
-------+----------+-------------------------------------------
     0 | D:1      | MordorOrchid the Gnoll Necromancer began the quest for the
                  | Orb.
     0 | D:1      | Reached XP level 1. HP: 13/13 MP: 6/6
     9 | D:1      | Learned a level 1 spell: Animate Skeleton
   122 | D:1      | Reached XP level 2. HP: 12/19 MP: 1/7
   193 | D:2      | Found a deep blue altar of Sif Muna.
   199 | D:2      | Became a worshipper of Sif Muna the Loreminder
   774 | D:2      | Reached XP level 3. HP: 18/25 MP: 9/9
   784 | D:2      | Learned a level 3 spell: Vampiric Draining
   788 | D:2      | Learned a level 3 spell: Regeneration
   846 | D:2      | Reached skill level 5 in Spellcasting
   888 | D:2      | Reached skill level 1 in Invocations
  1005 | D:2      | Reached skill level 1 in Fighting
  1005 | D:2      | Reached skill level 1 in Short Blades
  1005 | D:2      | Reached skill level 1 in Long Blades
  1005 | D:2      | Reached skill level 1 in Axes
  1005 | D:2      | Reached skill level 1 in Maces & Flails
  1005 | D:2      | Reached skill level 1 in Polearms
  1005 | D:2      | Reached skill level 1 in Staves
  1005 | D:2      | Reached skill level 1 in Slings
  1005 | D:2      | Reached skill level 1 in Bows
  1005 | D:2      | Reached skill level 1 in Crossbows
  1005 | D:2      | Reached skill level 1 in Throwing
  1005 | D:2      | Reached skill level 1 in Armour
  1005 | D:2      | Reached skill level 1 in Shields
  1005 | D:2      | Reached skill level 1 in Unarmed Combat
  1005 | D:2      | Reached skill level 1 in Evocations
  1005 | D:2      | Reached XP level 4. HP: 25/32 MP: 11/11
  1194 | D:2      | Learned a level 4 spell: Animate Dead
  1325 | D:3      | Reached skill level 1 in Conjurations
  1325 | D:3      | Reached skill level 1 in Hexes
  1325 | D:3      | Reached skill level 1 in Charms
  1325 | D:3      | Reached skill level 1 in Summonings
  1325 | D:3      | Reached skill level 1 in Translocations
  1325 | D:3      | Reached skill level 1 in Transmutations
  1325 | D:3      | Reached skill level 1 in Fire Magic
  1325 | D:3      | Reached skill level 1 in Ice Magic
  1325 | D:3      | Reached skill level 1 in Air Magic
  1325 | D:3      | Reached skill level 1 in Earth Magic
  1325 | D:3      | Reached skill level 1 in Poison Magic
  1355 | D:3      | Reached XP level 5. HP: 33/37 MP: 8/12
  1530 | D:3      | Reached * piety under Sif Muna
  1856 | D:4      | Reached XP level 6. HP: 30/44 MP: 11/13
  1968 | D:4      | Found a stormy altar of Qazlal.
  2004 | D:4      | Found a radiant altar of Vehumet.
  2093 | D:4      | Found an ancient bone altar of Kikubaaqudgha.
  2094 | D:4      | Found a deep blue altar of Sif Muna.
  2097 | D:4      | Identified Sif Muna's Papyrus of Displacement
  2101 | D:4      | Learned a level 1 spell: Apportation
  2134 | D:5      | Entered Level 5 of the Dungeon
  2157 | D:5      | Found a sacrificial altar of Ru.
  2178 | D:5      | Reached skill level 5 in Dodging
  2192 | D:5      | Found Boovupio's Weapon Boutique.
  2254 | D:5      | Reached XP level 7. HP: 24/50 MP: 8/15
  2309 | D:5      | Found a staircase to the Ecumenical Temple.
  2356 | D:5      | Found a shimmering altar of Xom.
  2357 | D:5      | Found a shimmering altar of Xom.
  2366 | D:5      | Found a shimmering altar of Xom.
  2513 | D:5      | Got a crude helmet
  2538 | D:5      | Identified the +0 helmet of the Morning Star {*Corrode
                  | rElec Str+4} (You found it on level 5 of the Dungeon)
  2647 | D:5      | Slain by an ogre

Skill      XL: |  1  2  3  4  5  6  7 |
---------------+----------------------+-----
Spellcasting   | 5 |  5.6
Invocations    | 1 2 |  2.8
Fighting       | 1 2 |  2.5
Short Blades   | 1 2 |  2.5
Long Blades    | 1 2 |  2.5
Axes           | 1 2 |  2.5
Maces & Flails | 1 2 |  2.5
Polearms       | 1 2 |  2.5
Staves         | 1 2 |  2.5
Slings         | 1 2 |  2.5
Bows           | 1 2 |  2.5
Crossbows      | 1 2 |  2.5
Throwing       | 1 2 |  2.5
Armour         | 1 2 |  2.5
Shields        | 1 2 |  2.5
Unarmed Combat | 1 2 |  2.5
Evocations     | 1 2 |  2.5
Conjurations   | 1 2 |  2.0
Hexes          | 1 2 |  2.0
Charms         | 1 2 |  2.0
Summonings     | 1 2 |  2.0
Translocations | 1 2 |  2.0
Transmutations | 1 2 |  2.0
Fire Magic     | 1 2 |  2.0
Ice Magic      | 1 2 |  2.0
Air Magic      | 1 2 |  2.0
Earth Magic    | 1 2 |  2.0
Poison Magic   | 1 2 |  2.0
Dodging        | 5 |  5.2
Stealth        | |  4.9
Necromancy     | |  7.4

Action                   |  1- 3 |  4- 6 |  7- 9 || total
-------------------------+-------+-------+-------++-------
Melee: Dagger            |    42 |       |       ||    42
       Bite              |     5 |     9 |     9 ||    23
       Halberd           |    14 |   153 |    51 ||   218
       Rapier            |       |     2 |       ||     2
 Cast: Pain              |    27 |    25 |    15 ||    67
       Animate Skeleton  |     7 |    11 |     2 ||    20
       Regeneration      |     1 |     4 |     4 ||     9
       Vampiric Draining |     1 |     2 |     7 ||    10
Evoke: Wand              |       |     4 |       ||     4
  Use: Scroll            |       |     8 |     1 ||     9
       Potion            |       |       |     1 ||     1
 Stab: Sleeping          |       |     5 |       ||     5
  Eat: Chunk             |       |     5 |     3 ||     8
Armor: Robe              |     4 |       |       ||     4
       Ring mail         |    17 |    60 |    24 ||   101
Dodge: Dodged            |    58 |   117 |    35 ||   210
